 Dungeon Crawl Stone Soup version 0.30-a0-845-g7c6808c8ce (webtiles) character file.

Game seed: 9972101074591738169

13865 retardedninja the Blocker (level 12, -10/97 HPs)
             Began as a Gnoll Fighter on Mar 2, 2023.
             Was an Initiate of Gozag.
             Succumbed to a green death's poison arrow
             ... on level 2 of the Abyss.
             The game lasted 00:19:20 (13824 turns).

retardedninja the Blocker (Gnoll Fighter)          Turns: 13824, Time: 00:19:20

Health: -10/97     AC: 32    Str: 22    XL:     12   Next: 10%
Magic:  4/22       EV: 13    Int:  7    God:    Gozag
Gold:   1492       SH:  6    Dex: 11    Spells: 25/25 levels left

rFire   . . .      SeeInvis .    q - +2 flail (heavy)
rCold   . . .      Faith    .    c - +0 buckler
rNeg    . . .      Spirit   +    b - +2 plate armour
rPois   .          Reflect  .    f - +2 helmet
rElec   .          Rampage  .    C - +0 cloak
rCorr   .                        y - +2 pair of gloves {Stlth+}
Will    .....                    E - +2 pair of boots Stlth
                                 e - amulet of guardian spirit
HPRegen 0.36/turn                l - +5 ring of evasion
MPRegen 0.18/turn                A - +4 ring of protection

@: lethally poisoned (-10 -> -87), about to teleport
A: fangs 1, strong nose, distributed training
a: Renounce Religion, Potion Petition, Call Merchant, Bribe Branch


You were on level 2 of the Abyss.
You worshipped Gozag.
Gozag was most pleased with you.
You visited 2 branches of the dungeon, and saw 12 of its levels.
You visited the Abyss 1 time.

You collected 2130 gold pieces.
You paid 638 gold pieces to Gozag.

Inventory:

Hand Weapons
 a - a +2 flail of chaos
 q - a +2 heavy flail (weapon)
Missiles
 t - 2 throwing nets
 z - 11 javelins (quivered)
Armour
 b - a +2 plate armour (worn)
 c - a +0 buckler (worn)
 f - a +2 helmet (worn)
 y - a +2 pair of gloves of stealth (worn)
 C - a +0 cloak (worn)
 E - a +2 pair of boots (worn)
Jewellery
 e - an amulet of guardian spirit (around neck)
 l - a +5 ring of evasion (left hand)
 A - a +4 ring of protection (right hand)
Wands
 i - a wand of flame (7)
 w - a wand of charming (32)
Scrolls
 d - a scroll of blinking
 k - 3 scrolls of teleportation
 s - 4 scrolls of magic mapping
 u - a scroll of fear {unknown}
 v - 2 scrolls of fog
 x - a scroll of torment
Potions
 h - 5 potions of mutation
 j - 3 potions of lignification
 n - a potion of invisibility {unknown}
 p - 5 potions of curing
 r - a potion of resistance {unknown}
 B - a potion of attraction {unknown}
 D - a potion of heal wounds {unknown}
 F - a potion of cancellation {unknown}
 I - a potion of brilliance {unknown}


   Skills:
 + Level 9.8 Fighting
 + Level 7.2 Short Blades
 + Level 7.2 Long Blades
 + Level 7.2 Axes
 + Level 8.6 Maces & Flails
 + Level 7.2 Polearms
 + Level 7.2 Staves
 + Level 7.2 Ranged Weapons
 + Level 7.2 Throwing
 + Level 9.8 Armour
 + Level 7.2 Dodging
 + Level 7.2 Stealth
 + Level 9.8 Shields
 + Level 7.2 Unarmed Combat
 + Level 7.2 Spellcasting
 + Level 6.0 Conjurations
 + Level 6.0 Hexes
 + Level 6.0 Summonings
 + Level 6.0 Necromancy
 + Level 6.0 Translocations
 + Level 6.0 Transmutations
 + Level 6.0 Fire Magic
 + Level 6.0 Ice Magic
 + Level 6.0 Air Magic
 + Level 6.0 Earth Magic
 + Level 6.0 Poison Magic
 + Level 7.9 Invocations
 + Level 7.2 Evocations


You had 25 spell levels left.
You didn't know any spells.
Your spell library contained the following spells:

 Spells                   Type           Power      Damage    Failure   Level
 Sandblast                Erth           20%        2d7       32%         1
 Blink                    Tloc           20%        N/A       43%         2
 Lesser Beckoning         Tloc           20%        N/A       43%         2
 Momentum Strike          Conj/Tloc      20%        3d8       43%         2
 Passwall                 Tmut/Erth      8%         N/A       43%         2
 Gell's Gravitas          Tloc           10%        N/A       67%         3
 Inner Flame              Hex/Fire       10%        N/A       67%         3
 Stone Arrow              Conj/Erth      20%        3d8       67%         3
 Teleport Other           Tloc           10%        N/A       67%         3
 Tukima's Dance           Hex            10%        N/A       67%         3
 Airstrike                Air            5%         2d(1-17)  97%         4
 Cause Fear               Hex            5%         N/A       97%         4
 Passage of Golubria      Tloc           10%        N/A       97%         4
 Summon Lightning Spire   Summ/Air       10%        N/A       97%         4
 Lightning Bolt           Conj/Air       5%         1d17      100%        5
 Yara's Violent Unravell  Hex/Tmut       5%         3d4       100%        5
 Dispersal                Tloc           5%         N/A       100%        6
 Discord                  Hex            5%         N/A       100%        8


Dungeon Overview and Level Annotations

Branches:
Dungeon (11/15)            Temple (1/1) D:7            Lair (0/5) D:11
    Orc (0/2) D:10

Altars:
Ashenzari
Cheibriados
Dithmenos
Elyvilon
Fedhas
Gozag
Hepliaklqana
Kikubaaqudgha
Makhleb
Nemelex Xobeh
Okawaru
Qazlal
Ru
Sif Muna
Trog
Uskayaw
Vehumet
Wu Jian
Xom
Yredelemnul
Zin
The Shining One

Shops:
D:5 *   D:6 (   D:9 !


Innate Abilities, Weirdness & Mutations

You have very sharp teeth.
Your uncanny sense of smell can sniff out nearby items.
Your experience applies equally to all skills.


Message History

Your Translocations skill increases to level 6!
Your Transmutations skill increases to level 6!
Your Fire Magic skill increases to level 6!
Your Ice Magic skill increases to level 6!
Your Air Magic skill increases to level 6!
Your Earth Magic skill increases to level 6!
Your Poison Magic skill increases to level 6!
You now have 1492 gold pieces (gained 8).
Unknown command.
You start resting.
You start resting.
A green death comes into view.
The green death roars!
As you read the scroll of teleportation, it crumbles to dust.
You feel strangely unstable.
You feel the power of the Abyss delaying your translocation!
A demonic crawler comes into view.
The green death gestures at you.
The blast of poison engulfs you but does no damage.
You are poisoned.
You are engulfed in poison gas.
You are more poisoned.
You feel extremely sick.
An apocalypse crab comes into view.
You are engulfed in poison gas.
You are more poisoned.
You feel extremely sick. The green death gestures at you.
The poison arrow hits you!
You are lethally poisoned!
You are engulfed in poison gas.
You are more poisoned.
* * * LOW HITPOINT WARNING * * *
You feel extremely sick. The green death gestures at you.
The poison arrow hits you!
You are more poisoned.
* * * LOW HITPOINT WARNING * * *
You die...
Your body crumbles into a pile of gold.

...#.###..§.
.###..#.t.#.
# #.
........##
.#. # #.#..##
....###☼#2..#
#...#○○.###
#☼°○○#.
#.#.○##○°#
#..@# #☼○#
#.......#
....
..#.##.##
#.... #.# ..
.... #.# .##
... . .# #.
#. .


You could see a green death and an apocalypse crab.

Vanquished Creatures
  A revenant (Abyss:2)
  A centaur warrior (D:11)
  2 two-headed ogres
  2 cyclopes (D:11)
  2 manticores
  An elephant (D:11)
  An unseen horror (D:10)
  A freezing wraith (Abyss:2)
  4 trolls
  3 wraiths
  10 yaks
  2 shadows
  Eustachio (D:5)
  2 basilisks (D:11)
  7 humans (D:8)
  2 steam dragons (D:7)
  A neqoxec (Abyss:2)
  A large abomination (Abyss:2)
  A two-headed ogre zombie (D:10)
  A water moccasin (D:5)
  An ice beast (D:6)
  A black bear (D:6)
  3 orc warriors
  An ogre (D:5)
  The ghost of Demosthentine the Poker, an amateur DsGl (D:3)
  A centaur (D:7)
  3 phantoms
  4 bullfrogs
  A gnoll sergeant (D:6)
  2 scorpions
  12 wights
  4 troll zombies (D:10)
  11 killer bees
  3 hounds
  3 gnoll boudas
  5 orc priests
  2 sleepcaps
  Ijyb (D:8)
  An iguana (D:6)
  6 orc wizards
  A scorpion zombie (D:3)
  3 ogre zombies (D:10)
  2 hound zombies (D:3)
  A mummy (D:3)
  Robin (D:2)
  4 adders
  16 gnolls
  4 white imps
  2 worms (D:2)
  3 dart slugs
  32 orcs
  4 ball pythons
  7 bats
  8 endoplasms
  2 giant cockroaches
  12 goblins
  9 hobgoblins
  7 jackals
  4 kobolds
  2 quokkas
  A frilled lizard (D:1)
  A goblin skeleton (D:10)
  A goblin zombie (D:10)
  A hobgoblin skeleton (D:10)
  8 hobgoblin zombies (D:10)
  A jackal zombie (D:3)
  An orc skeleton (D:10)
  13 orc zombies (D:10)
  7 rats
270 creatures vanquished.

Vanquished Creatures (collateral kills)
  A yak (D:11)
  A gnoll (D:6)
2 creatures vanquished.

Vanquished Creatures (others)
  A yak (D:11)
  6 fungi (D:7)
  2 withered plants (D:3)
9 creatures vanquished.

Grand Total: 281 creatures vanquished

Notes
Turn   | Place    | Note
-------+----------+-------------------------------------------
     0 | D:1      | retardedninja the Gnoll Fighter began the quest for the
                  | Orb.
     0 | D:1      | Reached XP level 1. HP: 23/23 MP: 1/1
    62 | D:1      | Reached XP level 2. HP: 8/29 MP: 2/2
   256 | D:1      | Reached XP level 3. HP: 35/35 MP: 3/3
   547 | D:2      | Noticed Robin
   587 | D:1      | Reached skill level 1 in Invocations
   616 | D:1      | Reached skill level 1 in Short Blades
   616 | D:1      | Reached skill level 1 in Long Blades
   616 | D:1      | Reached skill level 1 in Axes
   616 | D:1      | Reached skill level 1 in Polearms
   616 | D:1      | Reached skill level 1 in Staves
   616 | D:1      | Reached skill level 1 in Ranged Weapons
   616 | D:1      | Reached skill level 1 in Throwing
   616 | D:1      | Reached skill level 1 in Dodging
   616 | D:1      | Reached skill level 1 in Stealth
   616 | D:1      | Reached skill level 1 in Unarmed Combat
   616 | D:1      | Reached skill level 1 in Spellcasting
   616 | D:1      | Reached skill level 1 in Evocations
   629 | D:2      | Killed Robin
   680 | D:2      | Reached XP level 4. HP: 38/41 MP: 3/5
   769 | D:2      | Found a faded altar of an unknown god.
  1092 | D:3      | Found a glowing golden altar of the Shining One.
  1099 | D:3      | Reached skill level 1 in Conjurations
  1099 | D:3      | Reached skill level 1 in Hexes
  1099 | D:3      | Reached skill level 1 in Summonings
  1099 | D:3      | Reached skill level 1 in Necromancy
  1099 | D:3      | Reached skill level 1 in Translocations
  1099 | D:3      | Reached skill level 1 in Transmutations
  1099 | D:3      | Reached skill level 1 in Fire Magic
  1099 | D:3      | Reached skill level 1 in Ice Magic
  1099 | D:3      | Reached skill level 1 in Air Magic
  1099 | D:3      | Reached skill level 1 in Earth Magic
  1099 | D:3      | Reached skill level 1 in Poison Magic
  1172 | D:3      | Found a snail-covered altar of Cheibriados.
  1265 | D:3      | Reached XP level 5. HP: 45/47 MP: 5/7
  1288 | D:3      | Found a basalt altar of Yredelemnul.
  1422 | D:3      | Found a runed translucent door.
  1426 | D:3      | Noticed Demosthentine's ghost (amateur DsGl)
  1911 | D:3      | Reached XP level 6. HP: 49/53 MP: 8/8
  2371 | D:3      | Killed Demosthentine's ghost
  2372 | D:3      | Reached skill level 5 in Maces & Flails
  2728 | D:4      | Found an opulent altar of Gozag.
  2818 | D:4      | Became a worshipper of Gozag Ym Sagoz the Greedy
  2858 | D:4      | Found an ancient bone altar of Kikubaaqudgha.
  2867 | D:4      | Found an ornate altar of the Wu Jian Council.
  3015 | D:4      | Reached XP level 7. HP: 60/60 MP: 10/10
  3296 | D:5      | Entered Level 5 of the Dungeon
  3802 | D:5      | Found Sano's Assorted Antiques.
  3814 | D:5      | Found a stormy altar of Qazlal.
  3895 | D:5      | Noticed Eustachio
  3903 | D:5      | Killed Eustachio
  4176 | D:6      | Found Pifuacsuips's Antique Weapon Shoppe.
  4202 | D:5      | Reached XP level 8. HP: 45/67 MP: 9/12
  5460 | D:6      | Found a shimmering altar of Xom.
  6503 | D:7      | Reached XP level 9. HP: 73/73 MP: 14/14
  6889 | D:7      | Found a bloodstained altar of Trog.
  7002 | D:7      | Found a radiant altar of Vehumet.
  7245 | D:7      | Found a staircase to the Ecumenical Temple.
  7534 | D:7      | Noticed a manticore
  7546 | D:7      | Killed a manticore
  7547 | D:7      | Reached skill level 5 in Invocations
  7594 | Temple   | Entered the Ecumenical Temple
  8199 | D:8      | Reached skill level 5 in Short Blades
  8199 | D:8      | Reached skill level 5 in Long Blades
  8199 | D:8      | Reached skill level 5 in Axes
  8199 | D:8      | Reached skill level 5 in Polearms
  8199 | D:8      | Reached skill level 5 in Staves
  8199 | D:8      | Reached skill level 5 in Ranged Weapons
  8199 | D:8      | Reached skill level 5 in Throwing
  8199 | D:8      | Reached skill level 5 in Dodging
  8199 | D:8      | Reached skill level 5 in Stealth
  8199 | D:8      | Reached skill level 5 in Unarmed Combat
  8199 | D:8      | Reached skill level 5 in Spellcasting
  8199 | D:8      | Reached skill level 5 in Evocations
  8199 | D:8      | Reached XP level 10. HP: 81/81 MP: 17/17
  8357 | D:8      | Noticed Ijyb
  8451 | D:8      | Killed Ijyb
  8819 | D:8      | Found a burning altar of Makhleb.
  9912 | D:9      | Found a shimmering blue altar of Sif Muna.
  9958 | D:9      | Found a white marble altar of Elyvilon.
 10059 | D:9      | Found Bocvahea's Distillery.
 10278 | D:9      | Noticed a two-headed ogre
 10285 | D:9      | Killed a two-headed ogre
 10286 | D:9      | Reached skill level 5 in Conjurations
 10286 | D:9      | Reached skill level 5 in Hexes
 10286 | D:9      | Reached skill level 5 in Summonings
 10286 | D:9      | Reached skill level 5 in Necromancy
 10286 | D:9      | Reached skill level 5 in Translocations
 10286 | D:9      | Reached skill level 5 in Transmutations
 10286 | D:9      | Reached skill level 5 in Fire Magic
 10286 | D:9      | Reached skill level 5 in Ice Magic
 10286 | D:9      | Reached skill level 5 in Air Magic
 10286 | D:9      | Reached skill level 5 in Earth Magic
 10286 | D:9      | Reached skill level 5 in Poison Magic
 10286 | D:9      | Reached XP level 11. HP: 85/89 MP: 16/20
 10427 | D:9      | Identified the +4 ring mail "Koemuut" {rPois rF+++ Will+
                  | Str+2}
 10585 | D:10     | Entered Level 10 of the Dungeon
 10777 | D:10     | Found a sacrificial altar of Ru.
 10791 | D:10     | Found a staircase to the Orcish Mines.
 11742 | D:10     | Noticed a two-headed ogre
 11752 | D:10     | Killed a two-headed ogre
 11821 | D:10     | Found a hide-covered altar of Uskayaw.
 12059 | D:11     | Noticed a manticore
 12068 | D:11     | Killed a manticore
 12102 | D:11     | Found a staircase to the Lair.
 12110 | D:11     | Noticed a cyclops
 12944 | D:11     | Noticed a cyclops
 12970 | D:11     | Killed a cyclops
 12978 | D:11     | Killed a cyclops
 13323 | D:11     | Noticed a centaur warrior
 13335 | D:11     | Killed a centaur warrior
 13634 | D:11     | Noticed a wizard
 13638 | Abyss:2  | Cast into level 2 of the Abyss (a wizard)
 13652 | Abyss:2  | Noticed a revenant
 13660 | Abyss:2  | Noticed a spectral juggernaut
 13664 | Abyss:2  | Noticed a spectral nagaraja
 13665 | Abyss:2  | HP: 1/75 [revenant] (4)]
 13666 | Abyss:2  | Noticed a spectral dire elephant
 13669 | Abyss:2  | Killed a revenant
 13670 | Abyss:2  | Reached XP level 12. HP: 46/96 MP: 2/22
 13816 | Abyss:2  | Noticed a green death
 13824 | Abyss:2  | Succumbed to a green death's poison arrow

Illustrated notes

Levels and vault maps discovered:
D:1:      minmay_arrival_five_plusses, layout_rooms, minivault_24
D:2:      layout_rooms, ebering_ecumenical_altar_rust, uniq_robin
D:3:      layout_loops_ring, mainiacjoe_overflow_cross_hatched,
          nicolae_yredelemnul_corpse_copse, slow_altar_2, gammafunk_ghost_grave,
          nicolae_underground_beach, uniq_crazy_yiuf_cottage
D:4:      layout_gridville, marbit_many_paths, mainiacjoe_overflow_big_doors,
          minivault_24, roderic_st_hans_cross, ebering_dispersal_statue_hall,
          palyth_stone_intersect, hangedman_abyss_or_decor_jellyfish_corner,
          minmay_misc_feat_cross
D:5:      layout_rooms, nicolae_qazlal_eye_of_the_storm, serial_shops,
          kennysheep_little_box, uniq_eustachio
D:6:      layout_layer_cave, mainiacjoe_overflow_brackets, serial_shops,
          nicolae_shop_hallway_stairs, minmay_fractal_squares_diagonal_5
D:7:      kennysheep_steamy, layout_cave_pools, fiery_altar_vehumet,
          temple_pool_b, serial_park, serial_park_gazebo
          [serial_park_minivault_5x5_2], serial_park_tiny_2, serial_park_tiny_1,
          grunt_ministairs_6
D:8:      erik_cavepeople, layout_basic, kennysheep_mini
D:9:      layout_long_grid, elyvilon_altar_3, mainiacjoe_overflow_tiny_flanked,
          serial_shops, shop, minmay_misc_feat_rugged,
          chequers_serial_rivers_micro_a
D:10:     layout_irregular_city, hangedman_ru_absence,
          mainiacjoe_overflow_chevrons, zombieorc2_lemuel
D:11:     layout_long_grid, david_lair_generic, laboratory
Temple:   hellmonk_temple_micro_hex
Abyss:2:  base: Temple, evilmike_abyss_exit_kraken

Skill      XL: |  1  2  3  4  5  6  7  8  9 10 11 12 |
---------------+-------------------------------------+-----
Invocations    | 1 2 3 4 5 6 7 |  7.9
Short Blades   | 1 2 3 5 6 7 |  7.2
Long Blades    | 1 2 3 5 6 7 |  7.2
Axes           | 1 2 3 5 6 7 |  7.2
Polearms       | 1 2 3 5 6 7 |  7.2
Staves         | 1 2 3 5 6 7 |  7.2
Ranged Weapons | 1 2 3 5 6 7 |  7.2
Throwing       | 1 2 3 5 6 7 |  7.2
Dodging        | 1 2 3 5 6 7 |  7.2
Stealth        | 1 2 3 5 6 7 |  7.2
Unarmed Combat | 1 2 3 5 6 7 |  7.2
Spellcasting   | 1 2 3 5 6 7 |  7.2
Evocations     | 1 2 3 5 6 7 |  7.2
Conjurations   | 1 2 3 4 5 6 |  6.0
Hexes          | 1 2 3 4 5 6 |  6.0
Summonings     | 1 2 3 4 5 6 |  6.0
Necromancy     | 1 2 3 4 5 6 |  6.0
Translocations | 1 2 3 4 5 6 |  6.0
Transmutations | 1 2 3 4 5 6 |  6.0
Fire Magic     | 1 2 3 4 5 6 |  6.0
Ice Magic      | 1 2 3 4 5 6 |  6.0
Air Magic      | 1 2 3 4 5 6 |  6.0
Earth Magic    | 1 2 3 4 5 6 |  6.0
Poison Magic   | 1 2 3 4 5 6 |  6.0
Maces & Flails | 5 6 7 8 |  8.6
Fighting       | 7 8 9 |  9.8
Armour         | 7 8 9 |  9.8
Shields        | 7 8 9 |  9.8

Action                     |  1- 3 |  4- 6 |  7- 9 | 10-12 || total
---------------------------+-------+-------+-------+-------++-------
  Melee: Flail             |   114 |   164 |   342 |   452 ||  1072
         Bite              |    11 |    19 |    32 |    40 ||   102
  Throw: Javelin           |       |     1 |    51 |     7 ||    59
         Throwing net      |       |     1 |     2 |       ||     3
 Invoke: Potion Petition   |       |       |       |     1 ||     1
  Evoke: Wand              |       |       |     4 |     7 ||    11
    Use: Potion            |     1 |       |     1 |    10 ||    12
         Scroll            |       |     2 |    15 |     7 ||    24
   Stab: Distracted        |       |       |     4 |       ||     4
         Confused          |       |       |     1 |       ||     1
         Paralysed         |       |       |       |     1 ||     1
 Armour: Scale mail        |   101 |    37 |       |       ||   138
         Chain mail        |       |     5 |       |       ||     5
         Plate armour      |       |    28 |   284 |   482 ||   794
  Dodge: Dodged            |    88 |    88 |   305 |   422 ||   903
  Block: Buckler           |    62 |    42 |   136 |   213 ||   453

Table legend: (Time is in decaauts)
 A = Elapsed time spent in this place.
 B = Non-inter-level travel time spent in this place.
 C = Inter-level travel time spent in this place.
 D = Time resting spent in this place.
 E = Time spent auto-exploring this place.
 F = Levels seen in this place.
 G = Mean time per level.
                   A        B        C        D        E       F      G
               +--------+--------+--------+--------+--------+-----+--------+
         Total |  14098 |  13386 |    712 |   3563 |   6640 |  13 | 1084.5 |
       Dungeon |  13895 |  13183 |    712 |   3534 |   6631 |  11 | 1263.2 |
        Temple |     10 |     10 |      0 |      0 |      9 |   1 |   10.0 |
         Abyss |    192 |    192 |      0 |     29 |      0 |   1 |  192.0 |
               +--------+--------+--------+--------+--------+-----+--------+

Top non-repeatable levels by time:
     D:6: 1678 daAuts
    D:11: 1643 daAuts
     D:7: 1517 daAuts
    D:10: 1509 daAuts
     D:8: 1454 daAuts
     D:3: 1409 daAuts
     D:5: 1249 daAuts
     D:9: 1131 daAuts
     D:4: 1099 daAuts
     D:1: 655 daAuts
     D:2: 548 daAuts
 Abyss:2: 192 daAuts
  Temple: 10 daAuts
